 Dungeon Crawl Stone Soup version 0.28.0-45-g0d030f2227 (webtiles) character file.

Game seed: 996171988601620495

17223 Vogrul the Warrior (level 12, -2/122 HPs)
             Began as a Hill Orc Fighter on Apr 8, 2022.
             Was a High Priest of the Shining One.
             Killed by divine providence
             ... invoked by an orc high priest
              (11 damage)
             ... on level 2 of the Orcish Mines.
             The game lasted 00:48:04 (15545 turns).

Vogrul the Warrior (Hill Orc Fighter)              Turns: 15545, Time: 00:48:05

Health: -2/122     AC: 15    Str: 30    XL:     12   Next: 45%
Magic:  18/18      EV: 14    Int:  8    God:    the Shining One [*****.]
Gold:   585        SH: 13    Dex: 12    Spells: 11/11 levels left

rFire   . . .      SeeInvis .   l - +5 hand axe (venom)
rCold   x . .      Faith    .   c - +0 buckler
rNeg    + + +      Spirit   .   u - +3 leather armour {rPois}
rPois   +          Reflect  .   f - +0 helmet
rElec   +          Harm     .   K - +0 cloak
rCorr   .          Rampage  .   Q - +0 pair of gloves
Will    .....                   E - +0 pair of boots {Fly}
Stlth   +.........              j - amulet of the acrobat
HPRegen 0.30/turn               o - +4 ring of protection
MPRegen 0.16/turn               S - ring of Zeagaefe {rElec rC- rN+ Str+8 Slay+3}

@: mighty, divinely shielded, flying, glowing
A: no striking features
a: Renounce Religion, Convert to Beogh, Divine Shield, Cleansing Flame, Summon
Divine Warrior


You were on level 2 of the Orcish Mines.
You worshipped the Shining One.
The Shining One was extremely pleased with you.
You visited 3 branches of the dungeon, and saw 12 of its levels.
You also visited: Ossuary, Bailey and Gauntlet.

You collected 871 gold pieces.
You spent 286 gold pieces at shops.


   Skills:
 + Level 15.8 Fighting
 + Level 13.7 Axes
 - Level 3.2 Armour
 + Level 7.7 Dodging
 - Level 3.2 Shields
 - Level 8.1 Invocations


You had 11 spell levels left.
You didn't know any spells.
Your spell library contained the following spells:

 Spells                   Type           Power      Damage    Failure   Level
 Sting                    Tmut/Pois      0%         1d3       54%         1
 Poisonous Vapours        Pois/Air       0%         N/A       67%         2
 Olgreb's Toxic Radiance  Pois           0%         N/A       99%         4


Dungeon Overview and Level Annotations

Branches:
Dungeon (9/15)             Temple (1/1) D:7             Orc (2/2) D:9
    Elf (0/3) Orc:2       Ossuary (visited)          Bailey (visited)
Gauntlet (visited)
   Lair: D:8-11

Altars:
Ashenzari
Cheibriados
Dithmenos
Elyvilon
Fedhas
Gozag
Hepliaklqana
Kikubaaqudgha
Makhleb
Nemelex Xobeh
Okawaru
Qazlal
Ru
Sif Muna
Trog
Uskayaw
Vehumet
Wu Jian
Xom
Yredelemnul
Zin
The Shining One

Shops:
Orc:2 !

Annotations:
Orc:2 2 transporters, GreyFruit's ghost, journeyman DrCj

Inventory:

Hand Weapons
 g - the +9 sword of Zonguldrok {reap}
   (You found it in a Gauntlet)

   Any living foe damaged by it may be reanimated upon death as a zombie
   friendly to the wielder, with an increasing chance as more damage is dealt.
   The Shining One disapproves of the use of such an item.
 l - a +5 hand axe of venom (weapon)
   (You found it on level 2 of the Dungeon)
 w - a +0 shortbow
   (You found it on level 4 of the Dungeon)
 P - a +0 longbow
   (You found it in an ossuary)
Missiles
 b - 2 curare-tipped darts
 i - 6 silver javelins
 k - 90 arrows
 p - 71 stones (quivered)
 L - 4 throwing nets {!f}
Armour
 c - a +0 buckler (worn)
 f - a +0 helmet (worn)
   (You found it on level 1 of the Dungeon)
 u - a +3 leather armour of poison resistance (worn)
   (You took it off Duvessa on level 4 of the Dungeon)
 E - a +0 pair of boots of flying (worn)
   (You found it on level 6 of the Dungeon)
 K - a +0 cloak (worn)
   (You took it off Crazy Yiuf on level 7 of the Dungeon)
 O - a +0 plate armour
   (You found it on level 9 of the Dungeon)
 Q - a +0 pair of gloves (worn)
   (You found it on level 9 of the Dungeon)
Magical Staves
 T - a staff of poison
   (You took it off a minotaur in a Gauntlet)
Jewellery
 j - an amulet of the acrobat (around neck)
   (You found it on level 2 of the Dungeon)
 m - a ring of wizardry
   (You found it on level 2 of the Dungeon)
 o - a +4 ring of protection (left hand)
   (You found it on level 3 of the Dungeon)
 B - a ring of magical power
   (You found it on level 6 of the Dungeon)
 R - an amulet of faith {!P}
   (You found it in a Gauntlet)
 S - the ring of Zeagaefe (right hand) {rElec rC- rN+ Str+8 Slay+3}
   (You found it in a Gauntlet)

   [ring of positive energy]

   Str:       It affects your strength (+8).
   Slay:      It affects your accuracy & damage with ranged weapons and melee
   (+3).
   rC:        It makes you vulnerable to cold.
   rElec:     It insulates you from electricity.
   rN:        It protects you from negative energy.
 U - a +6 ring of intelligence
   (You found it in a Gauntlet)
Wands
 x - a wand of digging (8)
   (You found it on level 5 of the Dungeon)
 y - a wand of paralysis (12)
   (You found it on level 5 of the Dungeon)
 D - a wand of polymorph (14)
   (You found it on level 6 of the Dungeon)
 J - a wand of charming (5)
   (You found it on level 7 of the Dungeon)
 V - a wand of iceblast (8)
   (You found it in a Gauntlet)
Scrolls
 a - a scroll of blinking
 e - a scroll of torment {unknown}
 n - 5 scrolls of fog
 q - 4 scrolls of immolation {!r}
 s - 3 scrolls of enchant armour
 v - 4 scrolls of fear
 H - 5 scrolls of teleportation {@r4}
 I - 3 scrolls of vulnerability {!r}
 M - a scroll of magic mapping {unknown}
 N - a scroll of brand weapon {unknown}
Potions
 d - a potion of invisibility {unknown}
 h - 2 potions of attraction {!q}
 r - 2 potions of ambrosia
 t - 2 potions of resistance
 z - 2 potions of flight
 A - 3 potions of heal wounds {@q2}
 C - 4 potions of brilliance
 F - 2 potions of curing {@q1}
 G - 2 potions of magic {unknown}
 X - a potion of haste {@q3}

.........
###########.....########
..............o...$.....
.§^.....................
#........)).o...........
§§......).)....oo.......
.§......).)...>.........
...............)o)......
...............)@)......
...............)o)......
#......................$
.#..)...o#..............
..........#.............
.........###............
##.#.##.## ##.#.#$##.###
######## ####### ##


You could see an orc warlord (extremely poisoned), an orc high priest (strong),
2 orc warriors and 2 orc priests.


Message History

You hit the orc warlord.
The orc warlord is heavily wounded.
The orc priest threatens, "By the altar or by the axe, you will meet Beogh!"
You slash the orc warrior!
The orc warrior looks as sick as possible!
You slash the orc wizard!
You kill the orc wizard!
You slash the orc priest!
The orc priest looks as sick as possible!
The orc warrior no longer looks unusually strong.
The orc wizard no longer looks unusually strong.
You kill the orc warrior!
The orc high priest calls down the wrath of Beogh upon you.
Beogh smites you!
* * * LOW HITPOINT WARNING * * *
You hear a shout! x2
You slash the orc warlord!
The orc warlord looks as sick as possible!
The orc warlord is severely wounded.
You slash the orc priest!
You kill the orc priest!
The Shining One accepts your kill.
You slash the orc warrior!
The orc warrior is poisoned.
The orc priest no longer looks unusually strong.
The orc warrior no longer looks unusually strong.
The orc warrior jeers loudly.
You block the orc warlord's attack.
You slice the orc warlord!!
The orc warlord looks as sick as possible!
The orc warlord is almost dead.
You slash the orc warrior!
The orc warrior is poisoned.
You hit the orc warrior.
The orc priest threatens, "By the altar or by the axe, you will meet Beogh!"
You slice the orc wizard!!
You kill the orc wizard!
You block the orc warrior's attack. x2
The orc priest shouts, "Beogh is our master!
Accept the truth or die!"
You hit the orc warlord but do no damage.
The orc warlord looks as sick as possible!
The orc warlord is almost dead.
You slash the orc warrior!
The orc high priest shouts, "Beogh is our master!
Accept the truth or die!"
The orc priest shouts, "Beogh is our master!
Accept the truth or die!"
You slash the orc warrior!
You kill the orc warrior!
The orc warlord roars a battlecry!
The orcs go into a battle-frenzy!
The orc high priest invokes the aid of Beogh against you.
Beogh smites you!
You die...

Levels and vault maps discovered:
D:1:      lemuel_arrival_broad_hall, layout_loops_cross,
          hellmonk_ecumenical_altar_dog_temple, chequers_avenue
D:2:      layout_basic, minmay_pentomino_o4, uniq_terence
D:3:      layout_basic
D:4:      layout_cave_pods, uniq_duvessa
D:5:      layout_rooms
D:6:      layout_loops_cross, uniq_grinder, uniq_eustachio
D:7:      minmay_chambers_of_sixes, layout_layer_cave,
          minmay_temple_entry_enclosed_plants, lightli_bailey_entry_fortress,
          roderic_batcave, uniq_crazy_yiuf_cottage
D:8:      layout_loops_ring, nicolae_ossuary_entry_giza, minmay_fountain_box,
          minivault_26, serial_park_tiny_2, chequers_serial_rivers_room_a,
          uniq_grum
D:9:      layout_roguey, kennysheep_okawaru_gauntlet, orc_0_dummy
Temple:   regret_index_temple_sigil_plot
Orc:1:    layout_caves, enter_volcano_2, serial_shops, nicolae_diamond_shop,
          basic_altar
Orc:2:    st_orc_congregation, layout_caves, gauntlet_entry_generic,
          serial_shops, nicolae_lakefront_shop,
          gammafunk_ghost_wrathful_warriors, mumra_transporter_accident,
          kennysheep_orc_sif_temple

Vanquished Creatures
  A minotaur (Gauntlet)
  2 vault guards (Bailey)
  A two-headed ogre (D:7)
  A deep elf pyromancer (D:7)
  3 orc sorcerers (Orc:2)
  2 cyclopes
  A queen bee (Gauntlet)
  A hornet (D:4)
  2 trolls
  Grinder (D:6)
  Prince Ribbit (Bailey)
  A wolf spider simulacrum (Gauntlet)
  4 centaur simulacra (Gauntlet)
  2 wyverns
  3 humans (Bailey)
  Grum (D:8)
  6 yaks (D:9)
  Eustachio (D:6)
  A vampire mosquito (D:7)
  4 wargs
  A steam dragon (D:8)
  A harpy simulacrum (Gauntlet)
  A water moccasin (D:4)
  Duvessa (D:4)
  4 sky beasts
  A black bear (D:6)
  19 orc warriors
  An ice beast (D:7)
  A hornet zombie (D:9)
  9 ogres
  4 wolves (D:8)
  4 kobold brigands
  2 phantoms
  2 elf zombies (Ossuary)
  10 bullfrogs
  A wyvern zombie (D:5)
  A gnoll sergeant (D:8)
  4 scorpions
  Dowan (D:4)
  11 killer bees
  A vampire bat (D:7)
  4 howler monkeys
  A bullfrog zombie (D:6)
  2 centaur zombies (Ossuary)
  3 human zombies (Ossuary)
  A wyvern simulacrum (Gauntlet)
  2 hounds (D:7)
  3 jellies
  Crazy Yiuf (D:7)
  A bullfrog skeleton (D:6)
  6 orc priests
  2 gnoll shamans
  2 iguanas (D:7)
  Terence (D:2)
  19 orc wizards
  A killer bee zombie (D:4)
  3 mummies
  17 gnolls
  An adder (D:4)
  2 shadow imps
  A white imp (D:6)
  4 adder skeletons
  3 worms
  3 dart slugs
  50 orcs
  4 endoplasms
  A giant cockroach (D:3)
  14 goblins
  7 hobgoblins
  5 jackals (D:1)
  25 kobolds
  A quokka (D:3)
  4 ball pythons
  13 bats
  2 frilled lizards
  2 goblin zombies
  9 hobgoblin zombies
  9 kobold zombies (Ossuary)
  11 orc zombies (Ossuary)
  2 rats
  A rat zombie (Ossuary)
362 creatures vanquished.

Vanquished Creatures (others)
  2 withered plants (Gauntlet)
2 creatures vanquished.

Grand Total: 364 creatures vanquished

Table legend: (Time is in decaauts)
 A = Elapsed time spent in this place.
 B = Non-inter-level travel time spent in this place.
 C = Inter-level travel time spent in this place.
 D = Time resting spent in this place.
 E = Time spent auto-exploring this place.
 F = Levels seen in this place.
 G = Mean time per level.
                   A        B        C        D        E       F      G
               +--------+--------+--------+--------+--------+-----+--------+
         Total |  15355 |  14853 |    502 |   3418 |   6956 |  15 | 1023.7 |
       Dungeon |  10462 |   9996 |    466 |   1646 |   6022 |   9 | 1162.4 |
        Temple |    316 |    280 |     36 |      0 |    255 |   1 |  316.0 |
  Orcish Mines |   1582 |   1582 |      0 |    421 |    487 |   2 |  791.0 |
       Ossuary |    319 |    319 |      0 |     86 |      0 |   1 |  319.0 |
        Bailey |    989 |    989 |      0 |    625 |    181 |   1 |  989.0 |
      Gauntlet |   1684 |   1684 |      0 |    640 |     11 |   1 | 1684.0 |
               +--------+--------+--------+--------+--------+-----+--------+

Top non-repeatable levels by time:
Gauntlet: 1684 daAuts
     D:7: 1665 daAuts
     D:3: 1393 daAuts
     D:4: 1390 daAuts
     D:6: 1278 daAuts
     D:2: 1094 daAuts
     D:9: 1052 daAuts
  Bailey: 989 daAuts
     D:8: 986 daAuts
   Orc:2: 976 daAuts
     D:5: 814 daAuts
     D:1: 785 daAuts
   Orc:1: 605 daAuts
 Ossuary: 319 daAuts
  Temple: 316 daAuts

Table legend:
 A = Kills in this place as a percentage of kills in entire the game.
 B = Kills by you in this place as a percentage of kills by you in the entire game.
 C = Kills by friends in this place as a percentage of kills by friends in the entire game.
 D = Other kills in this place as a percentage of other kills in the entire game.
 E = Experience gained in this place as a percentage of experience gained in the entire game.
 F = Experience gained in this place divided by the number of levels of this place that you have seen.
                   A       B       C       D       E      F
               +-------+-------+-------+-------+-------+----------------------
         Total | 100.0 | 100.0 |   N/A |   N/A | 100.0 | 1648.7
       Dungeon |  61.0 |  61.0 |   N/A |   N/A |  43.6 | 1197.6
  Orcish Mines |  19.1 |  19.1 |   N/A |   N/A |  28.4 | 3506.0
       Ossuary |  10.8 |  10.8 |   N/A |   N/A |   2.0 | 486.0
        Bailey |   5.2 |   5.2 |   N/A |   N/A |  13.8 | 3415.0
      Gauntlet |   3.9 |   3.9 |   N/A |   N/A |  12.3 | 3039.0
               +-------+-------+-------+-------+-------+----------------------

Notes
Turn   | Place    | Note
-------+----------+-------------------------------------------
     0 | D:1      | Vogrul the Hill Orc Fighter began the quest for the Orb.
     0 | D:1      | Reached XP level 1. HP: 19/19 MP: 1/1
    27 | D:1      | Found a faded altar of an unknown god.
   228 | D:1      | Reached skill level 3 in Axes
   307 | D:1      | Reached XP level 2. HP: 27/27 MP: 2/2
   370 | D:1      | Reached skill level 4 in Fighting
   898 | D:2      | Reached skill level 1 in Dodging
   946 | D:2      | Reached XP level 3. HP: 33/33 MP: 3/3
  1135 | D:2      | Noticed Terence
  1141 | D:2      | Killed Terence
  1148 | D:2      | HP: 8/34 [poisoned by Terence]
  1909 | D:3      | Reached XP level 4. HP: 41/41 MP: 4/4
  2209 | D:3      | Reached skill level 4 in Axes
  2381 | D:3      | Reached XP level 5. HP: 28/47 MP: 5/5
  2517 | D:3      | Reached skill level 2 in Dodging
  2718 | D:3      | Reached skill level 5 in Fighting
  3170 | D:4      | Noticed a water moccasin
  3182 | D:4      | Killed a water moccasin
  3183 | D:4      | Reached skill level 5 in Axes
  3183 | D:4      | Reached XP level 6. HP: 48/56 MP: 6/6
  3254 | D:4      | Reached skill level 6 in Fighting
  3254 | D:4      | Reached skill level 3 in Dodging
  3254 | D:4      | Reached XP level 7. HP: 38/63 MP: 7/7
  3406 | D:4      | Reached skill level 6 in Axes
  3448 | D:4      | Noticed a hornet
  3452 | D:4      | Paralysed by a hornet for 3 turns
  3457 | D:4      | Killed a hornet
  3458 | D:4      | Reached skill level 7 in Fighting
  3458 | D:4      | Reached skill level 7 in Axes
  3672 | D:4      | Noticed Dowan
  3674 | D:4      | Noticed Duvessa
  3682 | D:4      | Killed Dowan
  3691 | D:4      | HP: 12/66 [Duvessa/+0 short sword (7)]
  3692 | D:4      | HP: 3/66 [Duvessa/+0 short sword (9)]
  3693 | D:4      | Killed Duvessa
  3694 | D:4      | Reached XP level 8. HP: 3/73 MP: 8/8
  4177 | D:4      | Reached skill level 8 in Axes
  4632 | D:5      | Entered Level 5 of the Dungeon
  4784 | D:5      | Reached skill level 8 in Fighting
  5172 | D:5      | Reached skill level 9 in Axes
  5252 | D:5      | Reached skill level 9 in Fighting
  5894 | D:6      | Noticed Eustachio
  5907 | D:6      | Killed Eustachio
  5908 | D:6      | Reached skill level 10 in Axes
  5908 | D:6      | Reached XP level 9. HP: 80/85 MP: 9/9
  6036 | D:6      | Noticed Grinder
  6037 | D:6      | Paralysed by Grinder for 6 turns
  6055 | D:6      | Killed Grinder
  6056 | D:6      | Reached skill level 10 in Fighting
  6430 | D:7      | Found a staircase to the Ecumenical Temple.
  6554 | D:7      | Reached skill level 11 in Axes
  6780 | D:7      | Found a flagged portal.
  6789 | Bailey   | Entered a bailey
  6828 | Bailey   | Reached skill level 11 in Fighting
  6937 | Bailey   | Reached skill level 12 in Axes
  6942 | Bailey   | Reached XP level 10. HP: 78/97 MP: 10/10
  7025 | Bailey   | Noticed Prince Ribbit
  7025 | Bailey   | Noticed a vault guard
  7035 | Bailey   | Killed Prince Ribbit
  7047 | Bailey   | HP: 23/97 [vault guard/+0 broad axe (14)]
  7049 | Bailey   | Killed a vault guard
  7050 | Bailey   | Reached skill level 12 in Fighting
  7050 | Bailey   | Reached skill level 13 in Axes
  7366 | Bailey   | Noticed a vault guard
  7382 | Bailey   | HP: 21/97 [vault guard/+0 broad axe (16)]
  7385 | Bailey   | Killed a vault guard
  7931 | D:7      | Found a runed translucent door.
  8299 | Temple   | Entered the Ecumenical Temple
  8435 | Temple   | Became a worshipper of the Shining One
  8768 | D:7      | Noticed a deep elf pyromancer
  8779 | D:7      | Reached skill level 13 in Fighting
  8804 | D:7      | Noticed a two-headed ogre
  8812 | D:7      | HP: 25/101 [two-headed ogre/+0 giant club (18)]
  8826 | D:7      | HP: 12/101 [two-headed ogre/+0 giant club (16)]
  8830 | D:7      | Killed a two-headed ogre
  8831 | D:7      | Reached skill level 4 in Dodging
  8844 | D:7      | HP: 9/101 [fire elemental[a deep elf pyromancer] (8)]
  9225 | D:7      | Killed a deep elf pyromancer
  9550 | D:7      | Noticed Crazy Yiuf
  9680 | D:7      | Killed Crazy Yiuf
  9816 | D:8      | Reached XP level 11. HP: 79/106 MP: 11/11
  9819 | D:8      | Noticed Grum
  9845 | D:8      | Killed Grum
  9846 | D:8      | Reached skill level 5 in Dodging
 10014 | D:8      | Reached skill level 14 in Fighting
 10082 | D:8      | Found a sand-covered staircase.
 10088 | Ossuary  | Entered an ossuary
 10180 | Ossuary  | Reached * piety under the Shining One
 10215 | Ossuary  | Reached ** piety under the Shining One
 10283 | Ossuary  | Reached *** piety under the Shining One
 10585 | D:8      | Reached skill level 1 in Invocations
 10649 | D:8      | Reached **** piety under the Shining One
 11193 | D:9      | Reached skill level 2 in Invocations
 11376 | D:9      | Noticed a cyclops
 11404 | D:9      | Killed a cyclops
 11405 | D:9      | Reached skill level 3 in Invocations
 11639 | D:9      | Reached skill level 6 in Dodging
 11649 | D:9      | Reached skill level 4 in Invocations
 11814 | D:9      | Found an iron altar of Okawaru.
 11942 | D:9      | Found a staircase to the Orcish Mines.
 12222 | Orc:1    | Entered Level 1 of the Orcish Mines
 12236 | Orc:1    | Noticed a cyclops
 12252 | Orc:1    | Killed a cyclops
 12253 | Orc:1    | Reached skill level 5 in Invocations
 12766 | Orc:2    | Entered Level 2 of the Orcish Mines
 12795 | Orc:2    | Reached skill level 15 in Fighting
 12900 | Orc:2    | Found a gate leading to a gauntlet.
 12910 | Gauntlet | Entered a Gauntlet
 12910 | Gauntlet | Found a transporter.
 12923 | Gauntlet | Found a transporter.
 12943 | Gauntlet | Noticed a fire crab
 12948 | Gauntlet | Found a transporter.
 12962 | Gauntlet | Found a transporter.
 12967 | Gauntlet | Found a transporter.
 12982 | Gauntlet | Found a transporter.
 13000 | Gauntlet | Noticed a death yak
 13001 | Gauntlet | Found a transporter.
 13001 | Gauntlet | Noticed a death yak
 13001 | Gauntlet | Noticed a death yak
 13002 | Gauntlet | Noticed a death yak
 13002 | Gauntlet | Noticed a death yak
 13022 | Gauntlet | Found a transporter.
 13022 | Gauntlet | Noticed a hell beast
 13034 | Gauntlet | Found a transporter.
 13034 | Gauntlet | Noticed a blizzard demon
 13049 | Gauntlet | Found a transporter.
 13049 | Gauntlet | Noticed a death drake
 13052 | Gauntlet | Reached ***** piety under the Shining One
 13058 | Gauntlet | Found a transporter.
 13080 | Gauntlet | Found a transporter.
 13080 | Gauntlet | Found a transporter.
 13106 | Gauntlet | Found a transporter.
 13108 | Gauntlet | Found a transporter.
 13145 | Gauntlet | Found a transporter.
 13318 | Gauntlet | Found the +9 sword of Zonguldrok {reap}
 13342 | Gauntlet | Found a transporter.
 13345 | Gauntlet | Found a transporter.
 13500 | Gauntlet | Reached skill level 6 in Invocations
 13884 | Gauntlet | Reached XP level 12. HP: 80/121 MP: 16/16
 14026 | Gauntlet | Identified the ring of Zeagaefe {rElec rC- rN+ Str+8
                  | Slay+3}
 14080 | Gauntlet | Noticed a minotaur
 14103 | Gauntlet | Killed a minotaur
 14104 | Gauntlet | Reached skill level 7 in Dodging
 14609 | Orc:2    | Reached skill level 7 in Invocations
 14649 | Orc:2    | Noticed a sun demon
 14746 | Orc:2    | Paralysed by an orc sorcerer for 5 turns
 15122 | Orc:2    | Found a transporter.
 15137 | Orc:2    | Found a transporter.
 15137 | Orc:2    | Noticed a two-headed ogre
 15138 | Orc:2    | Noticed GreyFruit's ghost (journeyman DrCj)
 15138 | Orc:2    | Noticed a two-headed ogre
 15141 | Orc:2    | Found a bloodstained altar of Trog.
 15178 | Orc:2    | Found Seitedgh's Distillery.
 15187 | Orc:2    | Bought a potion of curing for 39 gold pieces
 15187 | Orc:2    | Bought a potion of heal wounds for 65 gold pieces
 15187 | Orc:2    | Bought a potion of might for 52 gold pieces
 15187 | Orc:2    | Bought a potion of haste for 130 gold pieces
 15415 | Orc:2    | Found a shimmering blue altar of Sif Muna.
 15479 | Orc:2    | Found a staircase to the Elven Halls.
 15513 | Orc:2    | Noticed an orc warlord
 15515 | Orc:2    | Noticed a soul eater
 15529 | Orc:2    | HP: 29/121 [orc warrior/+0 short sword (19)]
 15533 | Orc:2    | Reached skill level 8 in Invocations
 15537 | Orc:2    | HP: 27/122 [orc warrior/+0 flail (9)]
 15541 | Orc:2    | Noticed an orc high priest
 15542 | Orc:2    | HP: 8/122 [orc high priest/divine providence (9)]
 15545 | Orc:2    | Killed from afar by an orc high priest

Action                   |  1- 3 |  4- 6 |  7- 9 | 10-12 || total
-------------------------+-------+-------+-------+-------++-------
Melee: War axe           |    45 |       |       |       ||    45
       Hand axe          |    16 |    91 |   271 |   589 ||   967
Throw: Stone             |       |       |     2 |    15 ||    17
Invok: Divine Shield     |       |       |       |     5 ||     5
  Use: Scroll            |       |       |    10 |     6 ||    16
       Potion            |       |       |       |     9 ||     9
 Stab: Distracted        |       |       |     1 |       ||     1
Armor: Scale mail        |    25 |    24 |    17 |       ||    66
       Leather armour    |       |       |    64 |   157 ||   221
Dodge: Dodged            |    34 |    51 |   124 |   290 ||   499
Block: Buckler           |    14 |    18 |    27 |   128 ||   187
